 Dungeon Crawl Stone Soup version 0.23.1 (webtiles) character file.

Game seed: 8888842742846549923

180 Borgoz the Sneak (level 5, -11/39 (40) HPs)
             Began as a Ghoul Enchanter on Mar 8, 2019.
             Mangled by a mummy (13 damage)
             ... in an ossuary.
             The game lasted 00:10:20 (3184 turns).

Borgoz the Sneak (Ghoul Enchanter)                  Turns: 3184, Time: 00:10:21

HP:   -11/39 (40)   AC:  7    Str: 11 (12) XL:     5   Next: 60%
MP:   6/6           EV: 12    Int: 13      God:
Gold: 150           SH:  0    Dex:  8 (10) Spells: 0/7 levels left

rFire    . . .     SeeInvis .   f - +0 short sword
rCold    + . .     Gourm    .   (no shield)
rNeg     + + +     Faith    .   i - +0 leather armour
rPois    ∞         Spirit   .   c - +2 hat
rElec    .         Reflect  .   (no cloak)
rCorr    +         Harm     .   m - +1 pair of gloves
MR       .....                  (no boots)
Stlth    ++........             a - amulet of magic regeneration
HPRegen  0.00/turn              h - +3 ring of intelligence
MPRegen  0.35/turn              n - ring of resist corrosion

@: rotting
A: rotting body, claws 1, carnivore, cold resistance 1, negative energy
resistance 3, inhibited regeneration, torment resistance, unbreathing
a: no special abilities


You were in an ossuary.
You were not hungry.

You visited 1 branch of the dungeon, and saw 4 of its levels.
You also visited: Ossuary.

You collected 150 gold pieces.

Inventory:

Hand Weapons
 f - a +0 short sword (weapon)
Armour
 c - a +2 hat (worn)
 i - a +0 leather armour (worn)
 k - a +0 scale mail
 m - a +1 pair of gloves (worn)
Jewellery
 a - an amulet of magic regeneration (around neck)
 h - a +3 ring of intelligence (left hand)
 n - a ring of resist corrosion (right hand)
Scrolls
 b - 2 scrolls of enchant weapon {unknown}
 j - a scroll of remove curse
 r - a scroll of fear
Comestibles
 d - 12 rations


   Skills:
 + Level 1.1 Fighting
 + Level 2.7 Short Blades
 + Level 0.1 Armour
 + Level 2.9 Dodging
 + Level 4.4 Stealth
 - Level 1.7 Spellcasting
 - Level 2.5 Hexes
 + Level 1.5 Ice Magic


You couldn't memorise any spells.
You knew the following spells:

 Your Spells              Type           Power        Failure   Level  Hunger
a - Corona                Hex            #......      12%         1    ##.....
b - Ensorcelled Hibernat  Hex/Ice        #.....       22%         2    ###....
c - Confuse               Hex            #.......     36%         3    ####...
d - Confusing Touch       Hex            #.....       12%         1    ##.....

Your spell library contained the following spells:

 Spells                   Type           Power        Failure   Level  Hunger
 Slow                     Hex            #.......     19%         2    ###....
 Animate Skeleton         Necr           N/A          34%         1    ##.....
 Apportation              Tloc           #.....       34%         1    ##.....
 Magic Dart               Conj           #...         34%         1    ##.....
 Summon Small Mammal      Summ           #...         34%         1    ##.....
 Tukima's Dance           Hex            #.......     36%         3    ####...
 Blink                    Tloc           N/A          45%         2    ###....
 Call Imp                 Summ           #.......     45%         2    ###....
 Dazzling Spray           Conj/Hex       #.....       52%         3    ####...
 Conjure Flame            Conj/Fire      #.......     71%         3    ####...
 Mephitic Cloud           Conj/Pois/Air  #.......     71%         3    ####...


Dungeon Overview and Level Annotations

Branches:
Dungeon (4/15)
 Temple: D:4-7

Altars:
Uskayaw
Wu Jian
The Shining One

Annotations:
D:2 Terence


Innate Abilities, Weirdness & Mutations

Your body is rotting away.
You thrive on raw meat.
You are immune to poison.
You have sharp fingernails.
You are carnivorous and can eat meat at any time.
Your flesh is cold resistant. (rC+)
You are immune to negative energy. (rN+++)
You do not regenerate when monsters are visible.
You are immune to unholy pain and torment.
You can survive without breathing.


Message History

The big kobold zombie hits you but does no damage.
You hit the big kobold zombie but do no damage.
The big kobold zombie appears confused.
The big kobold zombie is moderately damaged.
You hit the big kobold zombie.
The big kobold zombie is moderately damaged.
Casting: Confusing Touch (safe; 12% risk of failure)
Confirm with . or Enter, or press ? or * to list all spells.
Your hands begin to glow red.
The big kobold zombie hits the elf zombie.
The elf zombie seems less confused.
The mummy hits you.
* * * LOW HITPOINT WARNING * * *
You hit the mummy but do no damage.
The mummy appears confused.
The big kobold zombie closely misses you.
You hit the mummy.
The mummy is lightly damaged.
The elf zombie hits you.
* * * LOW HITPOINT WARNING * * *
The mummy hits you!
You die...

#..##..........∩.......
#∩.##..........∩.......
#..##..................
#..#...................
#......................
#.....##...............
#.....##...............
#......M...............
#.....@Z...............
##'#...Z.....#####..M..
#..#...................
#..#...........∩.......
#######################


You could see a mummy (confused), a big kobold zombie (confused) and an elf
zombie.

Vanquished Creatures
  An orc priest (D:3)
  An iguana (D:4)
  A hound skeleton (D:4)
  A mummy (Ossuary)
  3 adders
  2 adder zombies (Ossuary)
  A worm (D:2)
  A leopard gecko (D:2)
  3 orcs
  2 giant cockroaches (D:2)
  14 goblins
  9 hobgoblins
  3 jackals (D:2)
  A ball python (D:2)
  3 bats
  A frilled lizard (D:1)
  A jackal zombie (Ossuary)
  4 kobolds
  3 orc zombies (Ossuary)
  5 rats
  2 rat zombies (Ossuary)
62 creatures vanquished.

Notes
Turn   | Place    | Note
-------+----------+-------------------------------------------
     0 | D:1      | Borgoz the Ghoul Enchanter began the quest for the Orb.
     0 | D:1      | Reached XP level 1. HP: 14/14 MP: 2/2
   213 | D:1      | Reached XP level 2. HP: 19/20 MP: 0/3
   367 | D:1      | Learned a level 2 spell: Ensorcelled Hibernation
   846 | D:2      | Found an ornate altar of the Wu Jian Council.
   911 | D:2      | Reached skill level 1 in Short Blades
  1074 | D:2      | Reached XP level 3. HP: 26/26 MP: 4/4
  1189 | D:2      | Reached skill level 4 in Stealth
  1616 | D:3      | Noticed Terence
  1631 | D:2      | Reached skill level 1 in Ice Magic
  1631 | D:2      | Reached XP level 4. HP: 28/33 MP: 5/5
  1942 | D:3      | Found a glowing golden altar of the Shining One.
  2169 | D:3      | Found a hide-covered altar of Uskayaw.
  2479 | D:4      | Reached XP level 5. HP: 26/39 MP: 6/6
  2541 | D:4      | Reached skill level 1 in Fighting
  2757 | D:4      | Found a sand-covered staircase.
  2766 | Ossuary  | Entered an ossuary
  3063 | Ossuary  | Learned a level 3 spell: Confuse
  3065 | Ossuary  | Learned a level 1 spell: Confusing Touch
  3184 | Ossuary  | Mangled by a mummy

Skill      XL: |  1  2  3  4  5 |
---------------+----------------+-----
Dodging        | 2 |  2.9
Short Blades   | 1 2 |  2.7
Stealth        | 4 |  4.4
Ice Magic      | 1 |  1.5
Fighting       | 1 |  1.1
Armour         | |  0.1
Spellcasting   | |  1.7
Hexes          | |  2.5

Action                   |  1- 3 |  4- 6 || total
-------------------------+-------+-------++-------
Melee: Dagger            |   105 |       ||   105
       Short sword       |    60 |   218 ||   278
 Cast: Corona            |     2 |     1 ||     3
       Ensorcelled Hiber |     2 |    16 ||    18
       Confusing Touch   |       |     3 ||     3
Evoke: Wand              |       |    12 ||    12
  Use: Scroll            |     4 |     4 ||     8
       Potion            |       |    10 ||    10
 Stab: Sleeping          |     6 |     8 ||    14
  Eat: Chunk             |     5 |     7 ||    12
Armor: Robe              |    56 |    46 ||   102
       Leather armour    |       |    38 ||    38
Dodge: Dodged            |   125 |   171 ||   296
